 Dungeon Crawl Stone Soup version 0.21-a0-41-g5e91fef (webtiles) character file.

249 roguesci the Chiller (level 5, -3/45 HPs)
             Began as a Draconian Ice Elementalist on June 2, 2017.
             Killed by nerve-wracking pain
             ... invoked by an orc priest
              (12 damage)
             ... on level 4 of the Dungeon on June 3, 2017.
             The game lasted 00:15:37 (3693 turns).

roguesci the Chiller (Draconian Ice Elementalist)   Turns: 3693, Time: 00:15:37

Health: -3/45      AC: 10    Str: 12    XL:     5   Next: 87%
Magic:  7/9        EV: 13    Int: 15    God:
Gold:   184        SH:  0    Dex: 11    Spells: 6/10 levels left

rFire    . . .     SeeInvis .   d - +1 mace (venom)
rCold    . . .     Gourm    .   (no shield)
rNeg     . . .     Faith    .   (armour unavailable)
rPois    .         Spirit   .   (helmet restricted)
rElec    .         Reflect  .   (no cloak)
rCorr    .         Harm     .   (no gloves)
MR       .....                  (no boots)
Stlth    ++........             (no amulet)
Regen    0.2/turn               q - ring of flight
MPRegen  0.2/turn               (no ring)

@: icy armour, hasted, very quick
A: unfitting armour, cold-blooded, AC +5
a: Evoke Flight


You were on level 4 of the Dungeon.
You were not hungry.

You visited 1 branch of the dungeon, and saw 4 of its levels.

You collected 184 gold pieces.

Inventory:

Hand Weapons
 d - a +1 mace of venom (weapon)
Missiles
 m - 99 stones (quivered)
Jewellery
 q - a ring of flight (left hand)
Wands
 u - a wand of paralysis (9/24)
Scrolls
 g - a scroll of magic mapping {unknown}
 h - 4 scrolls of teleportation
 i - 2 scrolls of remove curse {unknown}
 j - 4 scrolls of identify
 n - a scroll of fear {unknown}
 o - a scroll of enchant armour {unknown}
 t - a scroll of amnesia {unknown}
 v - a scroll of immolation {unknown}
Potions
 c - a potion of haste
 e - a potion of heal wounds {unknown}
 l - 2 potions of might {unknown}
 p - a potion of cancellation {unknown}
 s - 2 potions of curing {unknown}
Books
 a - a book of Frost

   Spells                             Type                      Level
   a - Freeze                         Ice                          1
   b - Throw Frost                    Conjuration/Ice              2
   c - Ozocubu's Armour               Charms/Ice                   3
   d - Throw Icicle                   Conjuration/Ice              4
   e - Summon Ice Beast               Ice/Summoning                4
Comestibles
 b - 5 bread rations
 f - 3 meat rations
 k - 4 fruits


   Skills:
 * Level 3.3 Fighting
 * Level 2.9 Dodging
 + Level 2.9 Stealth
 * Level 3.0 Spellcasting
   Level 1.0 Conjurations
 - Level 3.6 Ice Magic


You had 6 spell levels left.
You knew the following spells:

 Your Spells              Type           Power        Failure   Level  Hunger
a - Freeze                Ice            ##..         4%          1    #......
b - Ozocubu's Armour      Chrm/Ice       #.......     28%         3    ###....


Dungeon Overview and Level Annotations

Branches:
Dungeon (4/15)
 Temple: D:4-7

Altars:
Kikubaaqudgha
Ru
Zin


Innate Abilities, Weirdness & Mutations

Your plain brown scales are hard. (AC +5)
You cannot fit into any form of body armour.
You are cold-blooded and may be slowed by cold attacks.


Message History

a flail; an orc corpse You hit the orc priest.
The orc priest is poisoned.
The orc priest is moderately wounded.
The orc priest hits you with a dagger.
The orc wizard mumbles some strange words.
The orc wizard blinks!
The orc priest barely misses you.
The orc priest calls down the wrath of Beogh upon you.
Beogh smites you!
You hit the orc priest.
The orc priest is severely wounded.
The orc priest mumbles some strange prayers to Beogh against you.
Beogh smites you!
* * * LOW HITPOINT WARNING * * *
The orc priest hits you but does no damage.
It was a potion of haste.
You feel yourself speed up. The orc priest barely misses you.
The orc priest looks braver for a moment.
The orc priest invokes the aid of Beogh against you.
Pain shoots through your body!
You die...

## ##. ##..
..# #.# #@#
#.# # #.#
[..
#o#####!....
#...)o..o$..
#######.....
... .


You could see an orc priest.

Vanquished Creatures
  An ogre (D:3)
  A hound (D:4)
  An orc priest (D:3)
  2 adders (D:2)
  4 worms (D:3)
  A leopard gecko (D:3)
  5 orcs
  6 bats
  7 giant cockroaches
  6 goblins
  7 hobgoblins
  9 jackals
  11 kobolds
  A ball python (D:2)
  7 frilled lizards
  6 rats
75 creatures vanquished.

Notes
Turn   | Place    | Note
-------+----------+-------------------------------------------
     0 | D:1      | roguesci the Draconian Ice Elementalist began the quest for the Orb.
     0 | D:1      | Reached XP level 1. HP: 14/14 MP: 3/3
   252 | D:1      | Reached XP level 2. HP: 20/22 MP: 5/5
   456 | D:1      | Reached skill level 1 in Fighting
   942 | D:2      | Reached XP level 3. HP: 23/28 MP: 2/6
  1039 | D:2      | Learned a level 3 spell: Ozocubu's Armour
  2165 | D:3      | Found a glowing silver altar of Zin.
  2202 | D:3      | Reached XP level 4. HP: 36/36 MP: 3/7
  2528 | D:3      | Noticed an ogre
  2558 | D:3      | Upgraded the game from 0.21-a0-39-g28ea6b7 to 0.21-a0-41-g5e91fef
  2852 | D:3      | Killed an ogre
  2852 | D:3      | Reached XP level 5. HP: 27/44 MP: 7/9
  2985 | D:3      | Found a sacrificial altar of Ru.
  3649 | D:4      | Found an ancient bone altar of Kikubaaqudgha.
  3693 | D:4      | Killed from afar by an orc priest

Vault maps used:
D:1:      lemuel_arrival_muddy, minmay_misc_feat_rows
D:2:      minmay_wonky_spiral, first_bread
D:3:      zin_scriptorium, grunt_ministairs_9, nicolae_ru_the_path_less_chosen
D:4:      marbit_many_paths, kiku_gazebo_garden_becter, uniq_sigmund

Skill      XL: |  1  2  3  4  5 |
---------------+----------------+-----
Dodging        | 2 |  2.9
Stealth        | 2 |  2.9
Fighting       | 1 2 3 |  3.3
Spellcasting   | 3 |  3.0
Conjurations   | |  1.0
Ice Magic      | |  3.6

Action                   |  1- 3 |  4- 6 || total
-------------------------+-------+-------++-------
Melee: Mace              |   105 |    75 ||   180
       Tailslap          |     4 |     8 ||    12
       Unarmed           |     1 |       ||     1
Throw: Stone             |    13 |     6 ||    19
 Cast: Freeze            |     5 |       ||     5
       Ozocubu's Armour  |     6 |     9 ||    15
  Use: Scroll            |       |     3 ||     3
       Potion            |       |     1 ||     1
 Stab: Sleeping          |     3 |     2 ||     5
  Eat: Chunk             |     4 |     5 ||     9
       Fruit             |     1 |       ||     1
       Royal jelly       |       |     1 ||     1
Armor: Skin              |    50 |    23 ||    73
Dodge: Dodged            |    71 |    48 ||   119
